 Dungeon Crawl Stone Soup version 0.29.1-14-g9c671dbff4 (webtiles) character file.

Game seed: 8913319854904969770

2 croobank the Sneak (level 1, -6/16 HPs)
             Began as an Octopode Delver on Feb 17, 2023.
             Shot with an arrow by a centaur (10 damage)
             ... on level 6 of the Dungeon.
             The game lasted 00:00:53 (124 turns).

croobank the Sneak (Octopode Delver)                 Turns: 124, Time: 00:00:53

Health: -6/16      AC:  1    Str: 11    XL:     1   Next: 30%
Magic:  1/1        EV: 13    Int: 12    God:
Gold:   37         SH:  0    Dex: 13    Spells: 0/0 levels left

rFire   . . .      SeeInvis .   a - +0 hand axe
rCold   . . .      Faith    .   (no shield)
rNeg    . . .      Spirit   .   (helmet restricted)
rPois   .          Reflect  .   (no amulet)
rElec   .          Harm     .   (no ring)
rCorr   .          Rampage  .   (no ring)
Will    .....                   (no ring)
Stlth   ++++......              (no ring)
HPRegen 0.05/turn               (no ring)
MPRegen 0.07/turn               (no ring)
                                (no ring)
                                (no ring)

@: hasted, very quick
A: almost no armour, amphibious, 8 rings, camouflage 1, gelatinous body 1,
(nimble swimmer 1), tentacles
a: no special abilities


You were on level 6 of the Dungeon.
You visited 1 branch of the dungeon, and saw 3 of its levels.

You collected 37 gold pieces.

Inventory:

Hand Weapons
 a - a +0 hand axe (weapon)
Wands
 f - a wand of digging (3)
Scrolls
 b - a scroll of fog
 c - a scroll of magic mapping
 d - a scroll of fear
 g - a scroll of immolation {unknown}
 j - 4 scrolls of teleportation {unknown}
Potions
 h - a potion of flight {unknown}
 i - a potion of heal wounds {unknown}


   Skills:
 + Level 3.0 Fighting
 + Level 2.0 Axes
 + Level 2.0 Dodging
 + Level 6.6 Stealth


You couldn't memorise any spells.
You didn't know any spells.
Your spell library was empty.

Dungeon Overview and Level Annotations

Branches:
Dungeon (7/15)
 Temple: D:4-7

Altars:
Fedhas

Annotations:
D:7 1 transporter


Innate Abilities, Weirdness & Mutations

You cannot wear most types of armour.
You are amphibious.
You can wear up to eight rings at the same time.
Your skin changes colour to match your surroundings (Stealth+).
Your rubbery body absorbs attacks. (AC +1, EV +1)
((You are camouflaged when in or above water. (Stealth+)))
You have tentacles for arms and can constrict up to eight enemies at once.


Message History

Found a fizzy coppery potion.
You now have 37 gold pieces (gained 19).
h - a fuming brown potion
Found a stone staircase leading down.
i - a fizzy coppery potion
There is a stone staircase leading down here.
You climb downwards.
The gnoll bouda shouts!
The white imp shouts, "Embrace thy fall, thou frothy folly-fallen fleecer!"
You hear a shout!
Found 4 scrolls labelled POODEI AMAO and a scroll labelled REPINW SIXZOWOIX.
Found a transporter.
There is a stone staircase leading up here.
j - 3 scrolls labelled POODEI AMAO
j - 4 scrolls labelled POODEI AMAO (gained 1)
There is a stone staircase leading up here.
A shadow imp comes into view.
Found 13 gold pieces.
The white imp shouts, "Despair, thou puking saucy flax-wench!"
There is a stone staircase leading up here.
You climb upwards.
There is a stone staircase leading down here.
Found a dented fluorescent amulet.
A necrophage comes into view.
Found a blossoming altar of Fedhas.
You feel yourself speed up.
A centaur comes into view.
You see here an amulet of faith.
The centaur shouts!
The centaur wields a +0 shortbow.
The centaur shoots an arrow.
The arrow hits you!
Ouch! That really hurt!
* * * LOW HITPOINT WARNING * * *
You hit the bush.
The bush is lightly damaged.
You hit the bush but do no damage. x3; You hit the bush.
You hit the bush but do no damage.
The centaur shoots an arrow.
The arrow hits you!
Ouch! That really hurt!
You die...

#.. #.. #.. ## #..
.## ... #....#. ..
#####.##..# ##
#.PPP...#.# #.#
#..@PP..#.# #.#
#.PP_PP.#.#######.#
#nPcPPP.........#.##
#.PPPP..........#.##
#...............#.##
#...#"...####..##...
###...#### ##....#.
##### ####..> ####


You could see a necrophage and a centaur.

Vanquished Creatures
  An orc (D:6)
1 creature vanquished.

Notes
Turn   | Place    | Note
-------+----------+-------------------------------------------
     0 | D:5      | croobank the Octopode Delver began the quest for the Orb.
     0 | D:5      | Reached XP level 1. HP: 16/16 MP: 1/1
     8 | D:6      | Noticed a sky beast
    81 | D:7      | Noticed a gnoll bouda
    81 | D:7      | Found a transporter.
    84 | D:7      | Noticed a centaur warrior
   107 | D:6      | Noticed a necrophage
   109 | D:6      | Found a blossoming altar of Fedhas.
   112 | D:6      | Noticed a centaur
   124 | D:6      | Shot with an arrow by a centaur

Illustrated notes

Levels and vault maps discovered:
D:5:      layout_loops_corners, mainiacjoe_overflow_24_doors,
          mainiacjoe_overflow_boulevard, nicolae_ashenzari_panopticon,
          st_stairs_1, uniq_sigmund
D:6:      layout_basic, fedhas_bush_and_centaur_altar
D:7:      layout_rooms, nzn_overflow_gifts_of_might_and_magic,
          kennysheep_little_box, gammafunk_temple_overflow_arena,
          grunt_ministairs_4, uniq_crazy_yiuf_cottage, uniq_maggie

Action                   || total
-------------------------++-------
Melee: Hand axe          ||     3
  Use: Potion            ||     1
